Map: [ESL] Royal Blood

Players

Nice

  • Race: Protoss Protoss
  • Spawn Location: 1:00

Cyan - Winner!

  • Race: Protoss Protoss
  • Spawn Location: 7:00

Event: ESL SC2 Masters 2023 Summer (Regionals)

VOD

Have the link to the VOD?

Description

Time

  • Played on: May 12, 2023, 6:30 a.m.
  • Length: 10:12

All games in this series

Show
View Real Time Build Order
Export as new Build Order

Nice Protoss 

Build Orders:  

Get SALT Encoding   

  12  0:00  Probe  
  13  0:12  Probe  
  14  0:17  Pylon  
  14  0:24  Probe (Chrono Boost)  
  16  0:37  Probe (Chrono Boost)  
  16  0:39  Gateway  
  16  0:42  Probe (Chrono Boost)  
  16  0:47  Assimilator  
  17  0:51  Assimilator  
  17  0:54  Probe (Chrono Boost)  
  18  1:06  Probe (Chrono Boost)  
  18  1:09  Gateway  
  19  1:14  Probe (Chrono Boost)  
  20  1:21  Probe  
  21  1:27  Cybernetics Core  
  21  1:33  Probe  
  21  1:38  Pylon  
  22  1:45  Probe  
  23  1:57  Probe  
  24  2:02  Warp Gate (Chrono Boost)  
  24  2:04  Stalker x2  
  28  2:09  Probe  
  28  2:14  Pylon  
  29  2:34  Stalker x2  
  33  2:55  Shield Battery  
  33  3:00  Probe  
  33  3:04  Stalker x2  
  38  3:23  Probe  
  38  3:24  Nexus  
  39  3:48  Pylon  
  39  3:59  Twilight Council  
  39  4:06  Probe  
  39  4:09  Adept  
  42  4:10  Adept  
  44  4:18  Probe  
  44  4:23  Pylon  
  45  4:29  Blink (Chrono Boost)  
  45  4:30  Probe (Chrono Boost)  
  44  4:34  Shield Battery  
  44  4:36  Sentry  
  46  4:39  Sentry  
  46  4:40  Probe (Chrono Boost)  
  46  4:43  Probe (Chrono Boost)  
  46  4:45  Probe (Chrono Boost)  
  49  4:53  Probe  
  49  4:56  Probe  
  48  5:00  Adept  
  48  5:02  Adept  
  48  5:05  Probe  
  53  5:10  Probe  
  54  5:17  Probe  
  55  5:22  Probe  
  55  5:24  Sentry  
  55  5:26  Stalker  
  60  5:29  Probe  
  60  5:34  Probe  
  62  5:36  Forge  
  62  5:41  Probe  
  61  5:45  Assimilator  
  61  5:46  Probe  
  62  5:53  Probe  
  62  5:55  Pylon  
  62  5:56  Robotics Facility  
  63  6:00  Stalker x2  
  63  6:03  Probe  
  68  6:08  Protoss Ground Weapons Level 1 (Chrono Boost)  
  68  6:12  Gateway  
  68  6:14  Gateway  
  68  6:16  Probe  
  70  6:23  Gateway  
  70  6:27  Stalker  
  70  6:31  Stalker  
  73  6:41  Pylon  
  73  6:46  Observer (Chrono Boost)  
  74  6:48  Nexus  
  74  6:52  Stalker  
  76  7:00  Observer (Chrono Boost)  
  77  7:01  Stalker  
  79  7:12  Gateway  
  75  7:16  Immortal (Chrono Boost), Shield Battery  
  75  7:21  Stalker  
  81  7:26  Stalker  
  81  7:29  Stalker  
  85  7:32  Observer  
  84  7:46  Pylon, Stalker  
  84  7:47  Pylon  
  80  7:59  Observer (Chrono Boost)  
  80  8:03  Stalker x2  
  80  8:04  Stalker x2  
  81  8:14  Stalker x2  
  85  8:26  Photon Cannon  
  85  8:31  Warp Prism (Chrono Boost)  
  87  8:40  Stalker  
  89  8:45  Stalker  
  91  8:53  Stalker  
  91  8:54  Stalker  
  95  8:58  Observer (Chrono Boost)  
  95  8:59  Stalker  
  98  9:16  Observer  
  98  9:17  Stalker x3  
  100  9:19  Probe x3  
  107  9:29  Stalker x2  
  109  9:40  Stalker x2  
  109  9:45  Zealot x2  
  105  9:53  Zealot x2  
  95  10:00  Probe  
Show
View Real Time Build Order
Export as new Build Order

Cyan Protoss - Winner!

Build Orders: Oracle Opening 

Get SALT Encoding   

  12  0:00  Probe  
  13  0:12  Probe  
  14  0:17  Pylon  
  14  0:24  Probe (Chrono Boost)  
  15  0:36  Probe (Chrono Boost)  
  15  0:37  Gateway  
  16  0:44  Probe (Chrono Boost)  
  16  0:47  Assimilator  
  17  0:51  Probe  
  17  0:55  Assimilator  
  18  1:03  Probe (Chrono Boost)  
  19  1:07  Gateway  
  19  1:13  Probe (Chrono Boost)  
  19  1:18  Probe (Chrono Boost)  
  21  1:26  Cybernetics Core  
  21  1:29  Probe  
  22  1:35  Pylon  
  22  1:41  Probe  
  23  1:56  Probe  
  24  2:02  Stargate  
  24  2:04  Stalker  
  24  2:08  Warp Gate  
  26  2:11  Pylon  
  26  2:18  Stalker  
  26  2:21  Probe  
  31  2:42  Oracle (Chrono Boost)  
  31  3:01  Nexus  
  31  3:13  Oracle (Chrono Boost)  
  31  3:14  Gateway  
  31  3:19  Probe  
  35  3:27  Pylon  
  35  3:32  Probe  
  36  3:49  Pylon  
  35  3:56  Stalker x2  
  39  4:04  Probe  
  39  4:09  Stalker  
  42  4:13  Probe  
  43  4:20  Stalker  
  45  4:24  Stalker  
  45  4:30  Probe  
  48  4:32  Probe  
  49  4:38  Twilight Council  
  49  4:42  Probe (Chrono Boost)  
  50  4:47  Probe (Chrono Boost)  
  48  4:59  Probe (Chrono Boost)  
  49  5:00  Probe (Chrono Boost)  
  49  5:04  Probe (Chrono Boost)  
  51  5:07  Probe (Chrono Boost)  
  51  5:11  Blink (Chrono Boost)  
  51  5:13  Probe (Chrono Boost)  
  53  5:22  Probe (Chrono Boost)  
  53  5:26  Probe (Chrono Boost)  
  53  5:27  Dark Shrine  
  54  5:32  Probe (Chrono Boost), Shield Battery  
  54  5:33  Probe (Chrono Boost)  
  56  5:40  Probe  
  56  5:42  Probe  
  58  5:52  Probe  
  58  5:54  Probe, Assimilator  
  60  5:57  Pylon  
  60  5:58  Stalker  
  60  6:03  Pylon  
  62  6:04  Probe  
  62  6:06  Probe  
  64  6:14  Nexus  
  64  6:16  Probe  
  65  6:18  Probe  
  65  6:23  Stalker  
  65  6:25  Shield Battery  
  68  6:28  Probe  
  68  6:31  Probe  
  68  6:32  Gateway  
  70  6:37  Stalker  
  72  6:40  Probe  
  72  6:42  Pylon  
  72  6:43  Probe  
  74  6:49  Stalker  
  74  6:52  Probe  
  77  6:55  Probe  
  77  6:57  Stalker  
  80  7:04  Probe  
  80  7:05  Stalker  
  80  7:07  Probe (Chrono Boost)  
  84  7:16  Stalker  
  84  7:17  Probe (Chrono Boost)  
  84  7:21  Forge  
  84  7:22  Dark Templar  
  90  7:25  Probe (Chrono Boost)  
  90  7:27  Probe (Chrono Boost), Dark Templar  
  94  7:31  Probe (Chrono Boost)  
  94  7:32  Probe x2 (Chrono Boost), Charge  
  94  7:36  Robotics Facility  
  96  7:41  Probe  
  96  7:43  Probe  
  98  7:44  Dark Templar  
  98  7:47  Probe, Protoss Ground Weapons Level 1 (Chrono Boost)  
  101  7:54  Probe  
  102  8:03  Gateway  
  98  8:05  Gateway  
  98  8:07  Gateway  
  98  8:10  Gateway  
  98  8:11  Gateway  
  98  8:18  Stalker  
  98  8:19  Stalker x2  
  104  8:20  Assimilator  
  104  8:22  Assimilator  
  104  8:23  Immortal (Chrono Boost)  
  106  8:30  Pylon  
  106  8:31  Pylon, Shield Battery  
  106  8:32  Shield Battery  
  106  8:36  Stalker  
  106  8:41  Shield Battery  
  108  8:42  Pylon  
  108  8:48  Pylon  
  108  8:49  Pylon  
  108  8:50  Pylon  
  108  8:51  Pylon  
  108  8:53  Immortal (Chrono Boost)  
  112  9:02  Sentry  
  112  9:03  Zealot x2, Sentry  
  120  9:14  Nexus  
  120  9:16  Pylon  
  120  9:22  Dark Templar  
  120  9:24  Stalker x2  
  126  9:40  Stalker x5  
  136  9:48  Stalker x2  
  136  9:54  Stalker  
  136  10:01  Stalker  
Tags
 
Add a new tag
Caveats
  • Supply blocks, unpowered buildings, or Contaminate may cause inaccurate times.
  • Supply counts are checked every 10 seconds.